 Dungeon Crawl Stone Soup version 0.18.1-47-g9310371 (webtiles) character file.

140 LORDOFBUTT the Sneak (level 5, -8/27 HPs)
             Began as a Vine Stalker Assassin on June 14, 2016.
             Mangled by a worm (15 damage)
             ... on level 4 of the Dungeon.
             The game lasted 00:03:33 (1878 turns).

LORDOFBUTT the Sneak (Vine Stalker Assassin)        Turns: 1878, Time: 00:03:33

Health: -8/27      AC:  3    Str: 14    XL:     5   Next: 23%
Magic:  0/6        EV: 12    Int: 11    God:
Gold:   111        SH:  0    Dex: 16    Spells: 0 memorised, 4 levels left

rFire  . . .     SeeInvis .     a - +2 dagger
rCold  . . .     Gourm    .     c - +0 robe
rNeg   . . .     Faith    .     (no shield)
rPois  .         Spirit   +     (no helmet)
rElec  .         Dismiss  .     d - +0 cloak
rCorr  .         Reflect  .     (no gloves)
SustAt .         Harm     .     (no boots)
MR     .....                    (no amulet)
Stlth  +++.......               (no ring)
                                (no ring)

@: not resistant to hostile enchantments, fairly stealthy
A: fangs 2, regeneration 1, magic shield, antimagic bite, no device heal 3, rot
immunity
a: no special abilities


You were on level 4 of the Dungeon.
You were not hungry.

You visited 1 branch of the dungeon, and saw 4 of its levels.

You collected 111 gold pieces.

Inventory:

Hand Weapons
 a - a +2 dagger (weapon)
 b - a +0 blowgun
Missiles
 e - 8 poisoned needles
 f - 2 curare-tipped needles
Armour
 c - a +0 robe (worn)
 d - a +0 cloak (worn)
Scrolls
 h - a scroll of amnesia {unknown}
 j - 2 scrolls of teleportation {unknown}
 l - a scroll of recharging {unknown}
 n - a scroll of random uselessness {unknown}
 o - a scroll of remove curse {unknown}
 p - a scroll of enchant weapon {unknown}
Potions
 i - a potion of agility
 m - a potion of brilliance {unknown}
 q - a potion of flight {unknown}
Comestibles
 g - 2 bread rations


   Skills:
 + Level 2.3 Fighting
 + Level 2.2 Short Blades
 + Level 2.3 Throwing
 + Level 1.4 Dodging
 * Level 6.7 Stealth


You had 4 spell levels left.
You didn't know any spells.

Dungeon Overview and Level Annotations

Branches:
Dungeon (4/15)
 Temple: D:4-7

Altars:
Fedhas
Makhleb
Trog

Annotations:
D:3 LORDOFBUTT's ghost, weakling VSAs


Innate Abilities, Weirdness & Mutations

You have extremely sharp teeth.
Your natural rate of healing is unusually fast.
When hurt, damage is shared between your health and your magic reserves.
Your bite disrupts and absorbs the magic of your enemies.
Potions and wands cannot restore your health.
You are immune to rotting.


Message History

You hit the worm.
The worm is lightly wounded.
You hit the worm. You bite the worm, but do no damage.
The worm is lightly wounded.
The worm bites you!
You hit the worm. You bite the worm. You drain its power.
You feel invigorated.
The worm is moderately wounded.
The worm bites you!
* * * LOW HITPOINT WARNING * * *
You are too injured to fight recklessly!
You are too injured to fight recklessly!
You are too injured to fight recklessly!
You hit the worm.
The worm is moderately wounded.
The worm closely misses you.
You hit the worm.
The worm is moderately wounded.
The worm bites you!!
Ouch! That really hurt!
You die...

###### ........###
###....####.#######.
##.......###.# #..
#.........##.# #..
##....#....##.######..
#....###...##.##.†...#
#.._r#y#...'.........#
#))..###...##........#
#).w@#....##........#
#)...†....#.........#
##.......##.........#
###....##..........#
######...<.......#
.............


You could see a moth of wrath, a worm (berserk) and a rat.

Vanquished Creatures
  A scorpion (D:4)
  A worker ant (D:4)
  An adder (D:3)
  A dart slug (D:1)
  3 giant geckos
  A giant cockroach (D:1)
  12 goblins
  7 hobgoblins
  4 jackals (D:2)
  4 kobolds
  2 quokkas (D:2)
  A ball python skeleton (D:4)
  2 bats
  3 giant newts
  7 rats
50 creatures vanquished.

Notes
Turn   | Place    | Note
--------------------------------------------------------------
     0 | D:1      | LORDOFBUTT the Vine Stalker Assassin began the quest for the Orb.
     0 | D:1      | Reached XP level 1. HP: 11/11 MP: 2/2
    10 | D:1      | Reached skill level 5 in Stealth
    38 | D:1      | Reached XP level 2. HP: 14/15 MP: 3/3
   230 | D:1      | Reached XP level 3. HP: 12/18 MP: 2/4
   459 | D:2      | Found a blossoming altar of Fedhas.
   470 | D:2      | Found a faded altar to an unknown god.
   475 | D:2      | Reached skill level 1 in Dodging
   579 | D:2      | Reached skill level 6 in Stealth
  1109 | D:3      | Found a burning altar of Makhleb.
  1138 | D:3      | Noticed LORDOFBUTT's ghost (weakling VSAs)
  1595 | D:3      | Reached XP level 4. HP: 10/23 MP: 5/5
  1850 | D:4      | Reached XP level 5. HP: 22/27 MP: 6/6
  1857 | D:4      | Noticed a moth of wrath
  1859 | D:4      | Found a bloodstained altar of Trog.
  1878 | D:4      | Mangled by a worm

Skill      XL: |  1  2  3 |
---------------+----------+-----
Stealth        | 5 6 |  6.7
Fighting       | 2 |  2.3
Dodging        | 1 |  1.4
Throwing       | 2 |  2.3
Short Blades   | 2 |  2.2

Action                   |  1- 3 |  4- 6 || total
-------------------------+-------+-------++-------
Melee: Dagger            |   114 |    30 ||   144
       Bite              |    27 |    13 ||    40
  Use: Potion            |     1 |     2 ||     3
 Stab: Sleeping          |     9 |     4 ||    13
       Distracted        |     2 |       ||     2
  Eat: Beef jerky        |     1 |       ||     1
       Fruit             |       |     4 ||     4
Armor: Robe              |    16 |     4 ||    20
Dodge: Dodged            |    71 |    28 ||    99
